AoeStats
← ManU

Arabia

503871502Analyzed
3v3 RM · 28d ago on Sep 2, 2026· 57m 47s· 6 players
Game mode
Random Map
Map size
Normal (6 player)
Population
200
Speed
Normal
Resources
Standard
Victory
Conquest
Starting age
Dark Age
Ending age
Imperial Age
RankedLock teamsTeams togetherTeam positionsShared explorationLock speedFull tech treeHidden civsTurbo modeCheats
Victory
Defeat
🇸🇪 Teutons · Sweden
1029
+14
🇸🇪 Saracens · Sweden
1019
+15
🇸🇪 Wu · Sweden
982
+16
🇩🇪 Burgundians · Germany
1016
-34
🇪🇸 Saracens · Spain
996
-15
🇺🇸 Magyars · United States
964
-14
KT champs26
13:19 Feudal Age
17:37 Castle Age
20:36 Double-Bit Axe
22:10 Wheelbarrow
22:56 Horse Collar
27:59 Fletching
29:14 Bloodlines
29:12 Scale Barding Armor
31:58 Bodkin Arrow
40:36 Imperial Age
38:28 Gold Mining
40:18 Heavy Plow
41:25 Heavy Cavalry Archer
42:11 Thumb Ring
42:32 Parthian Tactics
42:57 Bracer
42:58 Padded Archer Armor
44:06 Chemistry
43:37 Ballistics
44:25 Chemistry
ManU
5:18 Wheelbarrow
11:34 Feudal Age
10:28 Double-Bit Axe
12:41 Bow Saw
12:54 Horse Collar
16:27 Heavy Plow
17:20 Loom
18:22 Hand Cart
22:46 Castle Age
21:53 Gold Mining
22:33 Scale Barding Armor
22:29 Scale Mail Armor
22:39 Forging
22:20 Fletching
22:31 Padded Archer Armor
22:35 Stone Mining
24:20 Chain Barding Armor
30:18 Gold Shaft Mining
30:53 Two-Man Saw
31:31 Burgundian Vineyards
35:19 Imperial Age
33:33 Stone Shaft Mining
35:11 Crop Rotation
34:06 Elite Skirmisher
36:24 Caravan
37:02 Plate Barding Armor
37:36 Leather Archer Armor
40:23 Elite Coustillier
42:56 Conscription
48:13 Husbandry
47:47 Cavalier
49:25 Paladin
52:08 Chemistry
ateca9
9:35 Loom
11:48 Feudal Age
12:23 Double-Bit Axe
15:06 Wheelbarrow
17:41 Castle Age
17:17 Scale Barding Armor
17:23 Forging
19:42 Stone Mining
22:33 Town Watch
24:04 Hand Cart
25:32 Bow Saw
27:06 Bloodlines
28:24 Gold Mining
30:36 Fletching
31:22 Iron Casting
30:52 Husbandry
34:52 Imperial Age
32:48 Chain Barding Armor
33:46 Bodkin Arrow
35:02 Gold Shaft Mining
35:21 Padded Archer Armor
36:13 Conscription
36:48 Town Patrol
36:12 Heavy Camel Rider
37:10 Thumb Ring
37:42 Elite Mameluke
39:44 Plate Barding Armor
39:11 Bracer
42:05 Onager
44:47 Two-Man Saw
44:55 Ballistics
46:47 Chemistry
45:55 Siege Engineers
46:33 Block Printing
50:11 Blast Furnace
48:33 Elite Skirmisher
51:31 Leather Archer Armor
57:55 Ring Archer Armor
Peace
1:52 Loom
11:19 Feudal Age
12:04 Horse Collar
12:16 Double-Bit Axe
18:57 Castle Age
17:08 Arson
17:23 Man-at-Arms
19:19 Gold Mining
20:06 Squires
20:26 Scale Mail Armor
20:40 Forging
20:01 Long Swordsman
21:29 Gambesons
22:47 Padded Archer Armor
23:02 Elite Skirmisher
27:18 Pikeman
28:40 Bow Saw
33:21 Chain Mail Armor
33:41 Iron Casting
33:20 Stone Mining
34:29 Ballistics
34:51 Wheelbarrow
34:25 Heavy Plow
39:22 Imperial Age
38:02 Leather Archer Armor
37:38 Fletching
37:29 Crossbowman
39:38 Bodkin Arrow
40:10 Ironclad
40:26 Halberdier
43:14 Plate Mail Armor
43:45 Blast Furnace
45:10 Ring Archer Armor
45:47 Chemistry
45:54 Crop Rotation
46:27 Two-Man Saw
46:06 Stone Shaft Mining
Pl4yGround
10:30 Feudal Age
13:50 Bloodlines
14:29 Scale Barding Armor
15:16 Forging
21:40 Castle Age
19:36 Double-Bit Axe
19:49 Horse Collar
20:19 Gold Mining
23:47 Gold Shaft Mining
23:38 Chain Barding Armor
25:11 Husbandry
26:27 Iron Casting
28:28 Wheelbarrow
31:24 Stone Mining
33:55 Bow Saw
37:00 Imperial Age
34:43 Heavy Plow
37:03 Elite Mameluke
39:31 Plate Barding Armor
39:56 Blast Furnace
43:37 Conscription
46:15 Counterweights
54:36 Siege Engineers
Kuarre
6:17 Loom
12:24 Feudal Age
14:18 Wheelbarrow
20:18 Double-Bit Axe
20:27 Gold Mining
20:20 Horse Collar
20:36 Stone Mining
25:53 Castle Age
24:58 Padded Archer Armor
24:49 Fletching
25:24 Arson
27:55 Bow Saw
27:47 Heavy Plow
28:28 Stone Shaft Mining
28:37 Crossbowman
28:41 Man-at-Arms
31:42 Gold Shaft Mining
32:28 Bodkin Arrow
33:31 Hand Cart
36:14 Leather Archer Armor
37:29 Scale Mail Armor
37:42 Forging
37:33 Murder Holes
37:59 Ballistics
40:23 Imperial Age
40:20 Town Watch
42:38 Bracer
44:03 Long Swordsman
45:05 Red Cliffs Tactics
45:26 Caravan
46:49 Two-Man Saw
46:35 Elite Fire Archer
50:17 Sitting Tiger
49:47 Arbalester
57:14 Iron Casting
56:57 Chain Mail Armor
56:10 Onager
58:13 Chemistry
Connection lost

Rejoining the realm…

Still unreachable

The connection could not be restored.

Session expired

The server has moved on; the page needs a fresh start.